 Dungeon Sprint DCSS version 0.28.0-53-g5a82cb258f (webtiles) character file.

Game seed: 8613175039620308047

121 Zeld the Skirmisher (level 4, -5/47 HPs)
             Began as a Minotaur Berserker on June 4, 2022.
             Was a Follower of Trog.
             Slain by a neqoxec (7 damage)
             ... in the Dungeon (Sprint II: "The Violet Keep of Menkaure").
             The game lasted 00:00:09 (17 turns).

Zeld the Skirmisher (Minotaur Berserker)              Turns: 17, Time: 00:00:11

Health: -5/47      AC:  2    Str: 23    XL:     4   Next: 76%
Magic:  2/2        EV: 13    Int:  4    God:    Trog [*.....]
Gold:   0          SH:  0    Dex: 10    Spells: 3/3 levels left

rFire   . . .      SeeInvis +   a - +0 hand axe
rCold   . . .      Faith    .   (no shield)
rNeg    . . .      Spirit   .   b - +0 animal skin
rPois   .          Reflect  .   (helmet restricted)
rElec   .          Harm     .   (no cloak)
rCorr   .          Rampage  .   (no gloves)
Will    .....      Clarity  +   (no boots)
Stlth   +......... NoTele   +   (no amulet)
HPRegen 0.15/turn               (no ring)
MPRegen 0.08/turn               (no ring)

@: on berserk cooldown, slowed, very slow
A: horns 2, retaliatory headbutt, see invisible, clarity, low MP 1
a: Renounce Religion, Berserk


You were in the Dungeon.
You worshipped Trog.
Trog was aware of your devotion.
You visited 1 branch

Inventory:

Hand Weapons
 a - a +0 hand axe (weapon)
Armour
 b - a +0 animal skin (worn)
Scrolls
 h - a scroll of blinking
Potions
 c - a potion of curing
 d - a potion of heal wounds
 e - a potion of haste
 f - 2 potions of magic
 g - a potion of berserk rage


   Skills:
 * Level 7.5 Fighting
 * Level 7.5 Axes
 + Level 5.1 Armour
 + Level 4.7 Dodging


You had 3 spell levels left.
You didn't know any spells.
Your spell library was empty.

Dungeon Overview and Level Annotations

Branches:
Dungeon (1/1)

Altars:


Innate Abilities, Weirdness & Mutations

You have a pair of horns on your head.
You reflexively headbutt those who attack you in melee.
You have supernaturally acute eyesight. (SInv)
You possess an exceptional clarity of mind.
Your magical capacity is low. (-10% MP)


Message History

You slash the neqoxec!
The neqoxec is almost dead.
The neqoxec hits you.
You slash the neqoxec!
You kill the neqoxec!
Trog accepts your kill.
You feel your intelligence returning.
Your Fighting skill gained 4 levels and is now at level 7!
Your Axes skill gained 4 levels and is now at level 7!
Your Armour skill gained 3 levels and is now at level 5!
Your Dodging skill gained 2 levels and is now at level 4!
You have reached level 2!
You have reached level 3!
Your experience leads to an increase in your attributes!
Increase (S)trength, (I)ntelligence, or (D)exterity?
You feel stronger. x2
You have reached level 4!
You feel agile.
You slash the neqoxec!
The neqoxec is heavily wounded.
You are no longer berserk.
You are exhausted.
You feel yourself slow down. The neqoxec hits you!
* * * LOW HITPOINT WARNING * * *
You closely miss the neqoxec.
The neqoxec is heavily wounded.
The neqoxec gestures at you.
Strange energies course through your body.
Your thoughts seem clearer.
You barely miss the neqoxec. Your headbutt misses the neqoxec.
The neqoxec is heavily wounded.
The neqoxec hits you!
* * * LOW HITPOINT WARNING * * *
You slash the neqoxec!
The neqoxec is severely wounded.
The neqoxec gestures at you.
Strange energies course through your body.
Your vision sharpens.
The neqoxec hits you!
You die... ## ## ##. .## .. ..
B#B

#+#
###.##
#@.<.+
#3##.##
#.# #+#
##


You could see a neqoxec.

Vanquished Creatures
  A neqoxec (D)
1 creature vanquished.

Notes
Turn   | Place    | Note
-------+----------+-------------------------------------------
     0 | D        | Zeld the Minotaur Berserker began the quest for the Orb.
     0 | D        | Reached XP level 1. HP: 19/19 MP: 0/0
     1 | D        | Noticed a boulder beetle
     1 | D        | Noticed a boulder beetle
     5 | D        | Noticed a neqoxec
     5 | D        | Noticed a neqoxec
    11 | D        | Gained mutation: Your magical capacity is low. (-10% MP) [a
                  | neqoxec]
    13 | D        | Killed a neqoxec
    14 | D        | Reached skill level 5 in Armour
    14 | D        | Reached XP level 2. HP: 23/34 MP: 0/0
    14 | D        | Reached XP level 3. HP: 27/39 MP: 1/1
    14 | D        | Reached XP level 4. HP: 32/47 MP: 2/2
    15 | D        | Gained mutation: You possess an exceptional clarity of
                  | mind. [a neqoxec]
    16 | D        | HP: 2/47 [neqoxec (8)]
    17 | D        | Gained mutation: You have supernaturally acute eyesight.
                  | (SInv) [a neqoxec]
    17 | D        | Slain by a neqoxec

Illustrated notes

Levels and vault maps discovered:
D:        the_violet_keep_of_menkaure [sprint2_stairs_cluster_1,
          sprint2_shoproom, sprint2_temple, sprint2_basic_supplies,
          sprint2_obstacle_4, sprint2_obstacle_5, sprint2_obstacle_3,
          sprint2_obstacle_6, sprint2_obstacle_7, sprint2_timed_cluster_1,
          sprint2_smallroom_cluster_1, sprint2_smallroom_final_cluster_1,
          sprint2_transparent_cluster_1, sprint2_second_timed_cluster_1,
          sprint2_sniper_area_1, sprint2_heavy_combat_area_1,
          sprint2_mutation_trap_area_1, sprint2_forest_area_1,
          sprint2_light_combat_area_1, sprint2_behind_water_1,
          sprint2_near_end_vault_1]

Skill      XL: |  1 |
---------------+----+-----
Fighting       | 7 |  7.5
Axes           | 7 |  7.5
Armour         | 5 |  5.1
Dodging        | 4 |  4.7

Action                   |  1- 3 |  4- 6 || total
-------------------------+-------+-------++-------
Melee: Hand axe          |     6 |     4 ||    10
       Headbutt          |     1 |       ||     1
Invok: Berserk           |     1 |       ||     1
